AoeStats
← Green Assassin

Black Forest

505974511Analyzed
4v4 RM · 20d ago on Sep 11, 2026· 52m 50s· 8 players
Game mode
Random Map
Map size
Large (8 player)
Population
200
Speed
Normal
Resources
Standard
Victory
Conquest
Starting age
Dark Age
Ending age
Imperial Age
RankedLock teamsTeams togetherTeam positionsShared explorationLock speedFull tech treeHidden civsTurbo modeCheats
Victory
Defeat
🇬🇧 Slavs · United Kingdom
1198
+16
🇩🇪 Armenians · Germany
1169
+17
🇩🇪 Poles · Germany
1137
+19
🇩🇪 Teutons · Germany
1073
+21
🇨🇴 Saracens · Colombia
1377
-24
🇨🇴 Armenians · Colombia
1177
-18
🇨🇴 Ethiopians · Colombia
1156
-17
🇨🇴 Cumans · Colombia
1083
-14
Chianti | AwE
11:09 Feudal Age
12:26 Wheelbarrow
15:22 Castle Age
16:03 Double-Bit Axe
16:00 Horse Collar
18:00 Heavy Plow
24:46 Bow Saw
24:25 Loom
31:48 Imperial Age
29:37 Hand Cart
29:35 Gold Mining
29:35 Stone Mining
30:56 Forging
30:46 Scale Mail Armor
30:22 Pikeman
31:03 Squires
31:44 Gold Shaft Mining
30:36 Man-at-Arms
32:36 Iron Casting
33:29 Two-Man Saw
33:06 Crop Rotation
32:59 Chain Mail Armor
32:19 Long Swordsman
32:24 Capped Ram
33:33 Druzhina
33:16 Halberdier
33:16 Two-Handed Swordsman
33:53 Siege Ram
35:33 Ballistics
34:45 Champion
36:46 Plate Mail Armor
37:51 Onager
39:14 Detinets
39:50 Hoardings
39:23 Siege Engineers
39:28 Masonry
40:51 Chemistry
39:47 Murder Holes
40:55 Blast Furnace
40:12 Siege Onager
41:32 Fletching
50:52 Bodkin Arrow
Green Assassin
0:29 Loom
11:42 Feudal Age
12:17 Man-at-Arms
16:51 Scale Mail Armor
17:10 Forging
17:16 Long Swordsman
26:53 Castle Age
24:50 Arson
25:01 Horse Collar
25:43 Fletching
28:58 Wheelbarrow
32:21 Double-Bit Axe
33:34 Heavy Plow
33:14 Pikeman
33:55 Squires
33:17 Two-Handed Swordsman
36:15 Halberdier
38:06 Bow Saw
38:31 Chain Mail Armor
40:06 Iron Casting
41:14 Ballistics
40:31 Champion
40:57 Gambesons
43:06 Gold Mining
43:07 Stone Mining
47:43 Imperial Age
45:22 Bodkin Arrow
45:29 Padded Archer Armor
47:55 Elite Composite Bowman
48:56 Conscription
48:42 Fereters
48:43 Bracer
49:50 Blast Furnace
50:11 Chemistry
50:46 Leather Archer Armor
51:01 Plate Mail Armor
PezMaza
0:35 Loom
12:39 Feudal Age
13:43 Town Watch
14:57 Wheelbarrow
18:28 Castle Age
18:05 Stone Mining
18:58 Horse Collar
19:54 Double-Bit Axe
21:46 Bow Saw
25:07 Treadmill Crane
25:50 Szlachta Privileges
27:11 Husbandry
28:00 Bloodlines
28:49 Scale Barding Armor
28:55 Forging
29:41 Fletching
30:39 Ballistics
33:38 Chain Barding Armor
34:20 Iron Casting
35:11 Padded Archer Armor
42:10 Imperial Age
39:53 Bodkin Arrow
40:54 Wheelbarrow
40:33 Light Cavalry
41:07 Gold Mining
42:12 Leather Archer Armor
41:57 Scale Mail Armor
42:41 Cavalier
45:12 Blast Furnace
44:32 Bracer
50:30 Heavy Plow
51:32 Winged Hussar
tilmanv
8:44 Loom
13:46 Feudal Age
15:26 Wheelbarrow
15:53 Double-Bit Axe
19:05 Castle Age
17:02 Horse Collar
17:14 Gold Mining
18:15 Stone Mining
19:28 Bloodlines
20:05 Hand Cart
21:12 Bow Saw
30:08 Heavy Plow
33:23 Imperial Age
31:23 Town Watch
32:29 Forging
32:25 Scale Barding Armor
34:17 Iron Casting
34:07 Town Patrol
33:35 Cavalier
34:56 Crop Rotation
35:28 Two-Man Saw
34:59 Chain Barding Armor
36:24 Blast Furnace
35:24 Paladin
37:22 Plate Barding Armor
38:01 Ballistics
39:30 Chemistry
39:11 Scale Mail Armor
38:36 Pikeman
39:16 Squires
39:02 Arson
39:43 Conscription
39:42 Halberdier
50:14 Chain Mail Armor
Gekko777
0:43 Loom
10:41 Feudal Age
13:58 Fletching
16:14 Double-Bit Axe
23:11 Castle Age
21:48 Gold Mining
22:35 Stone Mining
23:08 Padded Archer Armor
24:03 Bodkin Arrow
24:05 Crossbowman
25:44 Leather Archer Armor
26:53 Horse Collar
30:19 Wheelbarrow
33:01 Bow Saw
33:13 Hand Cart
32:44 Town Watch
37:42 Imperial Age
37:03 Gold Shaft Mining
38:22 Thumb Ring
41:29 Arbalester
42:58 Bracer
43:29 Ring Archer Armor
45:09 Chemistry
45:05 Conscription
45:00 Forging
44:51 Scale Mail Armor
albaqca
7:49 Loom
10:49 Feudal Age
13:24 Man-at-Arms
14:38 Town Watch
17:18 Scale Mail Armor
17:28 Long Swordsman
19:55 Fletching
20:05 Padded Archer Armor
25:13 Castle Age
23:38 Arson
25:45 Gambesons
26:02 Squires
29:55 Double-Bit Axe
29:52 Horse Collar
32:18 Bow Saw
33:54 Wheelbarrow
34:28 Gold Mining
34:29 Stone Mining
34:56 Hand Cart
34:42 Town Patrol
43:13 Imperial Age
42:59 Bodkin Arrow
43:05 Padded Archer Armor
43:29 Ballistics
43:20 Fortified Wall
43:20 Masonry
43:30 Bloodlines
42:45 Elite Skirmisher
43:18 Pikeman
44:34 Forging
44:39 Chain Mail Armor
43:56 Halberdier
44:37 Halberdier
44:57 Elite Composite Bowman
46:21 Bracer
46:36 Leather Archer Armor
46:57 Iron Casting
46:52 Plate Mail Armor
R0F | [0] | PEDRO
6:08 Loom
9:59 Feudal Age
11:23 Double-Bit Axe
27:36 Castle Age
27:52 Horse Collar
31:35 Imperial Age
34:25 Scale Barding Armor
34:32 Forging
34:51 Cavalier
37:28 Chain Barding Armor
37:44 Iron Casting
36:37 Paladin
38:31 Bow Saw
38:26 Heavy Plow
39:08 Bloodlines
40:23 Bloodlines
42:03 Plate Barding Armor
42:29 Blast Furnace
41:33 Gold Mining
42:19 Crop Rotation
42:54 Two-Man Saw
49:40 Elite Steppe Lancer
FIERRO
5:26 Loom
11:11 Feudal Age
15:05 Castle Age
12:58 Double-Bit Axe
21:36 Bow Saw
21:06 Horse Collar
24:16 Wheelbarrow
25:29 Heavy Plow
29:32 Imperial Age
29:48 Scale Barding Armor
29:43 Scale Mail Armor
29:54 Forging
29:36 Gold Mining
29:37 Stone Mining
30:12 Onager
31:08 Elite Mameluke
32:09 Conscription
32:48 Hand Cart
32:21 Town Watch
33:13 Iron Casting
32:59 Chain Barding Armor
32:51 Siege Onager
35:11 Blast Furnace
34:04 Capped Ram
35:51 Gold Shaft Mining
37:21 Plate Barding Armor
37:43 Bloodlines
37:34 Husbandry
39:48 Counterweights
41:31 Chemistry
42:46 Two-Man Saw
Connection lost

Rejoining the realm…

Still unreachable

The connection could not be restored.

Session expired

The server has moved on; the page needs a fresh start.